 Dungeon Crawl Stone Soup version 0.31-a0-948-gf5be29c462 (webtiles) character file.

Game seed: 9571023315323251967

1082 Arzdou the Changeling (level 8, -1/64 (78) HPs)
             Began as an Octopode Shapeshifter on Oct 21, 2023.
             Was an Initiate of Gozag.
             Slain by Edmund
             ... wielding a +3 flail of draining
              (4 damage)
             ... on level 5 of the Dungeon.
             The game lasted 00:07:35 (4654 turns).

Arzdou the Changeling (Octopode Shapeshifter)       Turns: 4654, Time: 00:07:40

HP:   -1/64 (78)    AC: 24    Str: 13    XL:     8   Next: 30%
MP:   8/8           EV:  2    Int: 14    God:    Gozag
Gold: 423           SH:  0    Dex: 12    Spells: 7/7 levels left

rFire   . .          .
                       - Unarmed
rCold   . . .        (no shield)
rNeg    . . .        (helmet currently unavailable)
rPois   +            (no amulet)
rElec   .            j - ring of willpower
rCorr   .            w - ring of see invisible
SInv    +            (no ring)
Will    +....        (no ring)
Stlth   +            (no ring)
HPRegen 0.30/turn    (no ring)
MPRegen 0.11/turn    (no ring)
                     (no ring)

%: no passive effects
@: tree-form, heavily drained
A: stationary, stasis, torment immunity, boosted hp, almost no armour,
(amphibious), 8 rings, (camouflage 1), (gelatinous body 1), (nimble swimmer 1),
(tentacles), robust 1, MP-powered wands
a: Renounce Religion, Potion Petition, Call Merchant, Bribe Branch


You were on level 5 of the Dungeon.
You worshipped Gozag.
Gozag was aware of your devotion.
You were a tree.
You visited 2 branches of the dungeon, and saw 6 of its levels.

You collected 522 gold pieces.
You paid 99 gold pieces to Gozag.

Inventory:

Missiles
 t - 3 poisoned darts (quivered)
Jewellery
 j - a ring of willpower (left branch)
 w - a ring of see invisible (right branch)
Talismans
 b - a beast talisman
 c - a flux talisman
 u - a serpent talisman
 y - a maw talisman
Wands
 q - a wand of digging (3)
Scrolls
 d - a scroll of torment {unknown}
 e - 2 scrolls of amnesia {unknown}
 g - 3 scrolls of teleportation {unknown}
 i - a scroll of blinking {unknown}
 l - a scroll of fear {unknown}
 n - a scroll of acquirement {unknown}
 o - a scroll of fog {unknown}
 s - 2 scrolls of immolation {unknown}
 v - a scroll of noise {unknown}
Potions
 a - a potion of lignification
 f - 2 potions of magic {unknown}
 h - 3 potions of mutation
 k - a potion of might {unknown}
 m - a potion of invisibility {unknown}
 p - 2 potions of heal wounds {unknown}
 r - a potion of brilliance {unknown}
 x - a potion of resistance {unknown}
 z - a potion of attraction {unknown}
 A - a potion of haste {unknown}
 B - a potion of curing {unknown}


   Skills:
 - Level 1.0 Fighting
 - Level 2.0 Dodging
 - Level 6.1 Unarmed Combat
 + Level 7.8 Shapeshifting


You had 7 spell levels left.
You didn't know any spells.
Your spell library contained the following spells:

 Spells                   Type           Power      Damage    Failure   Level
 Ignite Poison            Fire/Tmut/Pois 0%         N/A       65%         3
 Sticky Flame             Conj/Fire      0%         2d3       96%         4
 Ignition                 Fire           0%         3d3       100%        8


Dungeon Overview and Level Annotations

Branches:
Dungeon (5/15)             Temple (1/1) D:4

Altars:
Ashenzari
Cheibriados
Dithmenos
Elyvilon
Fedhas
Gozag
Hepliaklqana
Kikubaaqudgha
Makhleb
Okawaru
Qazlal
Ru
Sif Muna
Trog
Uskayaw
Wu Jian
Yredelemnul
The Shining One

Shops:
D:1 (

Annotations:
D:2 1 runed translucent door, Crazy Yiuf
D:5 3 runed translucent doors, Azuregosa's ghost, novice OpDe; Edmund


Innate Abilities, Weirdness & Mutations

You are a tree.
Your roots penetrate the ground, keeping you stationary.
You cannot be teleported.
You are immune to unholy pain and torment.
Your maximum health is greatly increased.
You cannot wear most types of armour.
((You are amphibious.))
You can wear up to eight rings at the same time.
((Your skin changes colour to match your surroundings (Stealth+).))
((Your rubbery body absorbs attacks. (AC +1, EV +1)))
((You are camouflaged when in or above water. (Stealth+)))
((You have tentacles for arms and can constrict up to eight enemies at once.))
You are robust. (+10% HP)
You expend magic power (3 MP) to strengthen your wands.


Message History

Edmund begins to glow.
You grab Edmund.
Edmund is lightly wounded.
You constrict Edmund.
Edmund hits you with a +3 flail of draining!
You feel drained.
You tentacle-slap Edmund.
Edmund glows dangerously bright.
Edmund is lightly wounded.
You constrict Edmund.
Edmund hits you with a +3 flail of draining!
You feel drained.
You tentacle-slap Edmund but do no damage.
Edmund shudders as magic cascades through him.
Edmund twists and deforms.
You squeeze Edmund, but do no damage.
Edmund is moderately wounded.
You constrict Edmund.
Edmund hits you with a +3 flail of draining.
You feel drained.
You are too injured to fight recklessly!
You tentacle-slap Edmund.
Edmund begins to glow.
You squeeze Edmund, but do no damage.
Edmund is moderately wounded.
You constrict Edmund.
Edmund hits you with a +3 flail of draining!
* * * LOW HITPOINT WARNING * * *
You feel drained.
* * * LOW HITPOINT WARNING * * *
Your transformation has ended.
You turn into a tree.
Your roots penetrate the ground.
You lose your grip on Edmund.
Edmund hits you with a +3 flail of draining!
* * * LOW HITPOINT WARNING * * *
You feel drained.
* * * LOW HITPOINT WARNING * * *
It was a potion of mutation.
You feel extremely strange.
You feel your magical essence link to the dungeon's wands.
You feel robust.
Edmund hits you with a +3 flail of draining.
You die...
Edmund says, "I'd like to see a scythe do that!"
Your body crumbles into a pile of gold.

.#..... ....... ...$...
.......
###.....).......
##.........#.....
###(...........#...
####.#@...........#...
##....♣................
#....##.#......###.....
#.....###.......# #....
#.<....##.......###.).)
#.....###...........##.
##....## .........#..##
#......## ........
#....
##.......##.......
#.... #................
#....


You could see Edmund (contam, misshapen).

Vanquished Creatures
  A black bear (D:4)
  A water moccasin zombie (D:4)
  4 necrophages (D:4)
  A scorpion (D:5)
  3 wights (D:4)
  A human zombie (D:4)
  An orc priest (D:5)
  2 sleepcaps (D:5)
  A scorpion zombie (D:4)
  3 orc wizards
  3 iguanas
  3 gnolls (D:2)
  8 adders
  2 adder zombies (D:4)
  An adder skeleton (D:3)
  2 worms
  2 dart slugs
  3 orcs
  3 ball pythons
  8 endoplasms
  2 giant cockroaches
  5 hobgoblins
  3 jackals (D:1)
  5 quokkas
  A ball python skeleton (D:3)
  3 bats
  5 frilled lizards
  12 goblins
  9 kobolds
  6 rats
104 creatures vanquished.

Notes
Turn   | Place    | Note
-------+----------+-------------------------------------------
     0 | D:1      | Arzdou the Octopode Shapeshifter began the quest for the
                  | Orb.
     0 | D:1      | Reached XP level 1. HP: 13/13 MP: 1/1
    69 | D:1      | Reached XP level 2. HP: 18/18 MP: 2/2
   282 | D:1      | Reached XP level 3. HP: 12/23 MP: 3/3
   533 | D:1      | Found Famuilotaff's Weapon Shop.
   913 | D:2      | Reached XP level 4. HP: 28/28 MP: 4/4
  1242 | D:2      | Found a runed translucent door.
  1243 | D:2      | Noticed Crazy Yiuf
  1290 | D:2      | Reached skill level 5 in Unarmed Combat
  1772 | D:3      | Reached XP level 5. HP: 25/33 MP: 5/5
  1863 | D:3      | Found a shadowy altar of Dithmenos.
  2893 | D:4      | Noticed a black bear
  2899 | D:4      | Killed a black bear
  2900 | D:4      | Reached skill level 4 in Shapeshifting
  2900 | D:4      | Reached XP level 6. HP: 35/38 MP: 6/6
  2994 | D:4      | Found an iron altar of Okawaru.
  3031 | D:4      | Found a staircase to the Ecumenical Temple.
  3040 | Temple   | Entered the Ecumenical Temple
  3044 | Temple   | Became a worshipper of Gozag Ym Sagoz the Greedy
  3312 | D:4      | Reached skill level 5 in Shapeshifting
  3312 | D:4      | Reached XP level 7. HP: 23/43 MP: 7/7
  3448 | D:4      | Reached skill level 6 in Shapeshifting
  3542 | D:4      | Found a basalt altar of Yredelemnul.
  3851 | D:5      | Entered Level 5 of the Dungeon
  3956 | D:5      | Reached skill level 7 in Shapeshifting
  3956 | D:5      | Reached XP level 8. HP: 41/48 MP: 8/8
  4447 | D:5      | Found a runed translucent gate.
  4447 | D:5      | Found a runed translucent gate.
  4447 | D:5      | Found a runed translucent gate.
  4447 | D:5      | Noticed Azuregosa's ghost (novice OpDe)
  4639 | D:5      | Noticed Edmund
  4653 | D:5      | HP: 2/58 [Edmund/+3 flail of draining (2)]
  4654 | D:5      | Gained mutation: You expend magic power (3 MP) to
                  | strengthen your wands. [potion of mutation]
  4654 | D:5      | Gained mutation: You are robust. (+10% HP) [potion of
                  | mutation]
  4654 | D:5      | Slain by Edmund

Illustrated notes

Levels and vault maps discovered:
D:1:      grunt_arrival_crossed_arrows, layout_loops_cross, serial_shops,
          nicolae_shop_real_fake_doors
D:2:      layout_basic, grunt_ministairs_14, chequers_jeans, minmay_box_of_dots,
          uniq_crazy_yiuf_cottage
D:3:      layout_basic, overflow_temple_1_default, serial_undead,
          serial_undead_f, serial_undead_a, serial_undead_b, serial_undead_c
D:4:      layout_loops_ring, lemuel_mausoleum_altar_yredelemnul,
          okawaru_trees_2, temple_green, fountainhead
D:5:      layout_cave_pools, gammafunk_ghost_split,
          hangedman_decor_clover_reticule, guppyfry_early_lair_pool, uniq_edmund
Temple:   hellmonk_temple_two_chambers

Skill      XL: |  1  2  3  4  5  6  7 |
---------------+----------------------+-----
Unarmed Combat | 4 5 6 |  6.1
Shapeshifting  | 4 5 7 |  7.8
Fighting       | |  1.0
Dodging        | |  2.0

Action                     |  1- 3 |  4- 6 |  7- 9 || total
---------------------------+-------+-------+-------++-------
  Melee: Unarmed           |    62 |   110 |    70 ||   242
         Tentacles         |    19 |    21 |    26 ||    66
         Constrict         |    20 |    23 |    21 ||    64
         Punch             |       |     5 |     8 ||    13
    Use: Potion            |       |       |     2 ||     2
   Stab: Sleeping          |     8 |    10 |     2 ||    20
 Armour: Skin              |    21 |    39 |    34 ||    94
  Dodge: Dodged            |    30 |    41 |    27 ||    98
   Form: Flux              |       |       |     1 ||     1

Table legend: (Time is in decaauts)
 A = Elapsed time spent in this place.
 B = Non-inter-level travel time spent in this place.
 C = Inter-level travel time spent in this place.
 D = Time resting spent in this place.
 E = Time spent auto-exploring this place.
 F = Levels seen in this place.
 G = Mean time per level.
                   A        B        C        D        E       F      G
               +--------+--------+--------+--------+--------+-----+--------+
         Total |   4629 |   4430 |    199 |      0 |   3715 |   6 |  771.5 |
       Dungeon |   4620 |   4427 |    193 |      0 |   3715 |   5 |  924.0 |
        Temple |      8 |      2 |      6 |      0 |      0 |   1 |    8.0 |
               +--------+--------+--------+--------+--------+-----+--------+

Top non-repeatable levels by time:
     D:4: 1541 daAuts
     D:2: 970 daAuts
     D:3: 954 daAuts
     D:1: 765 daAuts
     D:5: 388 daAuts
  Temple: 8 daAuts
